[Event "1000 GM Labor Day Super Swiss 2024"]
[Site "San Jose"]
[Date "2024.09.04"]
[Round "9.1"]
[White "Cordova, Emilio"]
[Black "Mikaelyan, Arman"]
[Result "1/2-1/2"]
[Annotator "TA"]
[ECO "D45"]
[WhiteElo "2519"]
[BlackElo "2529"]
[PlyCount "61"]
[EventDate "2024.08.30"]
[EventType "swiss"]
[EventCountry "USA"]
[SourceTitle "playchess.com"]
[Source "ChessBase"]
[SourceQuality "1"]
[TimeControl "5400+30"]

1. Nf3 Nf6 2. e3 d5 3. c4 c6 4. Nc3 Nbd7 5. cxd5 cxd5 6. d4 e6 7. Bd3 b6 8. O-O Bb7 9. Ne5 Nxe5 10. dxe5 Nd7 11. f4 Be7 12. Ne2 Qc8 13. Nd4 Ba6 14. Bxa6 Qxa6 15. f5 Nxe5 16. fxe6 O-O 17. Nf5 Bf6 18. exf7+ ({Don't play} 18. Qxd5 Rad8 19. exf7+ Rxf7 $15) (18. e7 $5 Rfe8 19. Nh6+ (19. Qxd5 Qd3 $18) 19... gxh6 20. Rxf6 $14) 18... Nxf7 19. Qxd5 Rad8 20. Qb3 Qd3 21. Qxd3 Rxd3 22. a4 a5 {[%emt 0:01:56][%mdl 1024] Black has compensation.} 23. Rb1 g6 24. Ng3 Be7 {[%emt 0:00:06] next ...Ne5 is good for Black.} 25. Ne4 Nd6 26. Rxf8+ Bxf8 27. Nc3 Nc4 28. Kf2 Na3 $1 29. Ra1 {[%emt 0:00:46][%cal Of2e2] [#] And now Ke2! would win.} (29. Ke2 Rxc3 30. bxa3 Bc5 $17) 29... Nc2 30. Rb1 Na3 $1 31. Ra1 {[%emt 0:00:04] An interesting draw.   Weighted Error Value: White=0.04 (flawless) /Black=0.03 (flawless) .  OK:         	White=15    	Black=10     Best:        	---       	Black=1      Strong:       	---       	Black=2} ({Reject} 31. Ke2 Rxc3 32. bxa3 Bc5 $17) 1/2-1/2

[Event "1000 GM Labor Day Super Swiss 2024"]
[Site "San Jose"]
[Date "2024.09.04"]
[Round "9.2"]
[White "Quesada Perez, Yasser"]
[Black "Chen, Ryo"]
[Result "1-0"]
[Annotator "TA"]
[ECO "B51"]
[WhiteElo "2581"]
[BlackElo "2408"]
[PlyCount "89"]
[EventDate "2024.08.30"]
[EventType "swiss"]
[EventCountry "USA"]
[SourceTitle "playchess.com"]
[Source "ChessBase"]
[SourceQuality "1"]
[TimeControl "5400+30"]

1. e4 c5 2. Nc3 Nc6 3. Nf3 d6 4. Bb5 e5 5. d3 Be7 6. Nd5 {[%emt 0:06:10] B51: Sicilian: Moscow Variation (3 Bb5+) without 3...Bd7.} Nf6 7. Bxc6+ bxc6 8. Nxe7 Qxe7 9. Nd2 $146 ({Predecessor:} 9. Bg5 O-O 10. Nd2 Qe6 11. O-O Ne8 12. f4 f6 13. f5 Qf7 14. Be3 Rb8 15. b3 {1-0 Cerdan Herraez,M (1830)-Harutyunyan,T (1885) Mislata op-C 20th 2012 (7)}) 9... O-O 10. O-O Nd7 11. Nc4 f5 12. exf5 Rxf5 13. f4 Nb6 14. Na5 Bd7 15. Qe2 Raf8 16. Bd2 Nd5 17. fxe5 Rxe5 18. Rxf8+ Qxf8 19. Qf2 Rf5 20. Qg3 Rf6 21. Re1 Rg6 22. Qh4 h6 23. Qf2 (23. Rf1 {is more complex.} Qe8 24. Nc4 Qe2 25. Qf2) 23... Rf6 24. Qg3 Kh7 25. Qh4 Nf4 26. Bxf4 $1 Rxf4 27. Qg3 $1 ({Don't blunder} 27. Qe7 $2 Rf1+ 28. Rxf1 Qxe7 $19) 27... Ra4 28. Nc4 Rxa2 29. Rf1 Qe7 30. h4 Be6 31. Nxd6 Rxb2 32. Qe5 Rxc2 33. Qe4+ Kh8 34. Nf5 Qe8 $2 {[%emt 0:01:01] [#]} (34... Qd7 $11 35. Ne3 Rc3 36. Rf8+ Bg8) 35. h5 $1 $18 Qg8 $2 (35... Qxh5 {is tougher.} 36. Qxe6 Qg4 37. Qxc6 Re2) 36. Ne7 $18 Bd5 {[%emt 0:00:34] [#]} 37. Nxd5 $1 (37. Ng6+ Kh7 38. Nf8+ Kh8 39. Ng6+ Kh7 40. Nf8+ Kh8 41. Ng6+ $11) 37... cxd5 38. Qe7 Kh7 39. Rf8 $1 ({Weaker is} 39. Qxa7 c4 40. dxc4 dxc4 $11) 39... Re2 40. Qd8 Qxf8 41. Qxf8 Re5 42. g4 c4 43. d4 Rg5 44. Kf2 a5 45. Kf3 1-0

[Event "1000 GM Labor Day Super Swiss 2024"]
[Site "San Jose"]
[Date "2024.09.04"]
[Round "9.3"]
[White "Macovei, Andrei"]
[Black "Corrales Jimenez, Fidel"]
[Result "0-1"]
[Annotator "TA"]
[ECO "B66"]
[WhiteElo "2466"]
[BlackElo "2564"]
[PlyCount "56"]
[EventDate "2024.08.30"]
[EventType "swiss"]
[EventCountry "USA"]
[SourceTitle "playchess.com"]
[Source "ChessBase"]
[SourceQuality "1"]
[TimeControl "5400+30"]

1. e4 c5 2. Nf3 d6 3. d4 cxd4 4. Nxd4 Nf6 5. Nc3 Nc6 6. Bg5 e6 7. Qd2 a6 8. O-O-O Be7 9. Bxf6 gxf6 10. f4 Bd7 11. Kb1 Nxd4 {[%emt 0:00:30] White is slightly better.} 12. Qxd4 Qa5 {[%emt 0:00:30] [#]} 13. f5 $1 O-O-O (13... Qc5 14. Qd2) 14. Be2 Kb8 15. Bc4 Rc8 16. Bb3 Rc5 17. Ne2 Re5 18. Nf4 Bc6 19. fxe6 fxe6 20. Nxe6 Bxe4 21. Nf4 Rc8 22. Rhf1 f5 23. g3 (23. Nd3 {is more complex.} Rb5 24. Be6 Rc7 25. g4) 23... Rb5 {[%emt 0:00:30][%cal Ob5b3] White must now prevent ...Rxb3!} 24. Nd3 h5 25. Nf2 $2 {[%emt 0:00:30][%mdl 8192] [#] This costs White the game.} (25. Be6 $11 {and White is okay.} Rc7 26. Rf2) 25... Rxb3 $1 $19 {[%emt 0:00:30][%mdl 512] Black is clearly winning.} 26. Nxe4 Rb4 27. Qd2 fxe4 28. Rf7 (28. c3 $142 Rb5 29. Rde1) 28... Rc7 {[%emt 0:00:30] Weighted Error Value: White=0.63/Black=0.07 (flawless) .  Loses game:     	White=1     	---        Mistake:       	White=1     	---        Inaccurate:     	White=3     	Black=1      OK:         	White=5     	Black=8      Brilliant:      	---       	Black=1} 0-1

[Event "1000 GM Labor Day Super Swiss 2024"]
[Site "San Jose"]
[Date "2024.09.04"]
[Round "9.4"]
[White "Sheng, Joshua"]
[Black "Hevia Alejano, Carlos Antonio"]
[Result "1/2-1/2"]
[Annotator "TA"]
[ECO "C02"]
[WhiteElo "2474"]
[BlackElo "2414"]
[PlyCount "84"]
[EventDate "2024.08.30"]
[EventType "swiss"]
[EventCountry "USA"]
[SourceTitle "playchess.com"]
[Source "ChessBase"]
[SourceQuality "1"]
[TimeControl "5400+30"]

1. e4 e6 2. d4 d5 3. e5 c5 4. c3 Nc6 5. Nf3 Qb6 6. a3 c4 7. Nbd2 Na5 8. Be2 Bd7 9. O-O Ne7 10. Rb1 Nb3 (10... Nf5 $11 {remains equal.}) 11. Nxb3 (11. Bxc4 $1 $16 Nxc1 (11... dxc4 $2 12. Nxc4 Qa6 13. Nd6+ Kd8 14. Qxb3 $18) 12. Qxc1) 11... Ba4 $14 {[%emt 0:00:06] [#]} 12. Nfd2 $1 Nc6 {[%emt 0:00:35][%cal Oc6a5] [#]} (12... Rc8 13. Qe1) 13. Qe1 $1 {[%emt 0:02:18] White is better.} cxb3 14. f4 g6 15. Bd1 h5 16. Rf3 Na5 17. Nf1 Nc4 18. Be3 O-O-O 19. Bf2 Kb8 20. Bh4 Rc8 21. Bf6 Rg8 22. Nd2 Nxd2 23. Qxd2 a5 24. Qf2 Bg7 25. Qh4 Bxf6 26. Qxf6 Be8 (26... Qc7 $1 $14) 27. Kf2 (27. Rg3 $16) 27... Bd7 (27... Ka7 $14) 28. Kg1 Be8 $1 29. Kf2 (29. Rg3 $16) 29... a4 30. Re3 Bb5 31. Bf3 Rc4 (31... Qc7 $11) 32. Ke1 $2 {[%emt 0:00:00][%mdl 8192] [#]} (32. Bxd5 $16 Rc7 33. Bf3) 32... Rxd4 $1 $17 33. cxd4 Qxd4 34. Kf2 {[%emt 0:00:00] [#]} Qd2+ ({Black should try} 34... Rc8 $1 $17 35. Rbe1 (35. Qxf7 $2 Rc2+ 36. Kg3 Qxe3 $19) 35... Qxb2+ 36. Kg3 Qd2 (36... Qxa3 37. Qxf7 Rc6 38. Qxg6 $11) 37. Qxf7 Rc6) 35. Re2 Bxe2 36. Bxe2 Rc8 {[%emt 0:00:30] aiming for ...Rc2.} 37. Re1 $2 (37. Qxf7 $11 Ka7 38. Rd1 (38. Qxg6 Qxf4+ 39. Ke1 Rc1+ 40. Rxc1 Qxc1+ 41. Kf2 Qxb2 $15) (38. Qxe6 Rc2 $15) 38... Qxb2 39. Qxe6) 37... d4 $2 (37... Qxb2 $19 38. Kf1 Qxa3) 38. Qxf7 Rc1 $2 (38... d3 $11 {and Black stays safe.} 39. Qxe6 dxe2) 39. Rxc1 $2 (39. Qe8+ $18 Ka7 40. Qxa4+ Kb8 41. Qb4 Qe3+ 42. Kf1) 39... Qe3+ $11 {[%emt 0:00:30] The position is equal.} 40. Ke1 {[%emt 0:00:00] Intending Rc5 and mate.} Qxc1+ 41. Kf2 (41. Bd1 $5 Ka7 $8 42. Qxg6 (42. Qxe6 Qe3+ 43. Kf1 Qxf4+ 44. Bf3 Qc1+ 45. Kf2 Qe3+ 46. Kg3 Qe1+ 47. Kf4 Qe3+ 48. Kg3 Qe1+ 49. Kf4 Qe3+ 50. Kg3 $11) 42... Qe3+ 43. Kf1 Qxf4+ 44. Ke1 Qe3+ 45. Be2 $11 (45. Kf1 Qf4+ 46. Ke1 Qe3+ 47. Be2 Qc1+ 48. Kf2 Qe3+ 49. Ke1 Qc1+ 50. Kf2 Qe3+ 51. Ke1 $11)) 41... Qe3+ 42. Kf1 Qc1+ {[%emt 0:00:30] Weighted Error Value: White=0.64/Black=0.50.  Loses game:     	White=1     	---        Missed win:     	White=1     	Black=1      Mistake:       	White=3     	Black=4      Inaccurate:     	White=1     	Black=1      OK:         	White=5     	Black=11     Best:        	---       	Black=3      Strong:       	White=1     	Black=1      Brilliant:      	---       	Black=1} 1/2-1/2

[Event "1000 GM Labor Day Super Swiss 2024"]
[Site "San Jose"]
[Date "2024.09.04"]
[Round "9.5"]
[White "Harsha Bharathakoti"]
[Black "Yoo, Christopher Woojin"]
[Result "1/2-1/2"]
[Annotator "TA"]
[ECO "E32"]
[WhiteElo "2550"]
[BlackElo "2616"]
[PlyCount "170"]
[EventDate "2024.08.30"]
[EventType "swiss"]
[EventCountry "USA"]
[SourceTitle "playchess.com"]
[Source "ChessBase"]
[SourceQuality "1"]
[TimeControl "5400+30"]

1. d4 Nf6 2. c4 e6 3. Nc3 Bb4 4. Qc2 h6 5. a3 Bxc3+ 6. Qxc3 b6 7. Nf3 (7. Qg3 $5) 7... Bb7 8. e3 {[%emt 0:01:26] White has an edge.} O-O 9. Be2 d5 10. O-O dxc4 11. Bxc4 Ne4 12. Qc2 Nd6 {[%emt 0:02:02] [#] ...Nxc4 is the strong threat.} 13. Be2 Qe7 14. b3 Nd7 15. Bb2 (15. Qxc7 $2 {perishes.} Rfc8 $19) 15... c5 16. dxc5 Nxc5 17. b4 Nce4 18. Rac1 Rac8 19. Qb1 Bd5 20. Rxc8 Rxc8 21. Rc1 {[%emt 0:00:02] Wards off Nc3} Qb7 22. Rxc8+ Qxc8 23. Bd3 f6 24. Qc1 Qxc1+ 25. Bxc1 e5 26. Bxe4 Nxe4 $11 {[%emt 0:02:16][%mdl 4096] Endgame. KBN-KBN} 27. Nd2 Nc3 28. Kf1 {[%emt 0:00:43] Prevents Ne2} Kf7 29. Bb2 Nb5 30. e4 Bc6 31. Ke2 Nd6 32. f3 Ke6 33. Ke3 g5 34. Ba1 h5 35. g3 g4 36. f4 $1 Bb5 37. Bc3 Nf7 38. Bb2 Kd7 39. Ba1 Kc6 40. Bb2 Kb7 41. Ba1 Kc6 42. Bb2 Kd6 43. Ba1 Ke6 44. Bc3 Nd8 45. Bb2 Nb7 46. Ba1 Nd8 47. Bb2 Nc6 48. Bc3 Ne7 49. Bb2 Ba4 50. Ba1 Nc6 51. Bb2 Nb8 52. Ba1 Nd7 53. Bb2 Bc2 54. Bc3 exf4+ 55. Kxf4 Nf8 56. Ke3 Ng6 57. Nc4 Ne7 58. Kf4 Bd3 59. Nd2 Ng6+ 60. Ke3 Bc2 61. Nc4 f5 62. exf5+ Bxf5 63. Kd4 Bb1 64. Nd2 Bc2 65. Ke3 Kd5 66. Bg7 Ke6 67. Ba1 Ba4 68. Ne4 Ne7 69. Nf6 (69. Kf4 {was preferrable.}) 69... Nd5+ 70. Nxd5 Kxd5 {[%emt 0:00:03] KB-KB} 71. Kd3 Bb5+ 72. Kc2 Kc4 73. Be5 Ba4+ 74. Kb2 Bc6 75. Bf6 Kd3 76. Be7 Kc4 77. Bf6 Kd5 78. Kc3 Ke4 79. Kb2 Kf3 80. Bh4 Kg2 81. Kc3 Kxh2 82. Kb2 Kg2 83. Kc3 Ba4 84. Kb2 Kf3 85. Kc3 Bd1 {[%emt 0:00:39] Weighted Error Value: White=0.04 (flawless) /Black=0.04 (flawless) .  Mistake:       	White=1     	---        Inaccurate:     	White=2     	Black=3      OK:         	White=34    	Black=23     Best:        	White=1     	Black=1      Strong:       	White=1     	---} 1/2-1/2

[Event "1000 GM Labor Day Super Swiss 2024"]
[Site "San Jose"]
[Date "2024.09.04"]
[Round "9.6"]
[White "Batchuluun, Tsegmed"]
[Black "Delgado Ramirez, Neuris"]
[Result "1/2-1/2"]
[Annotator "TA"]
[ECO "E11"]
[WhiteElo "2458"]
[BlackElo "2485"]
[PlyCount "38"]
[EventDate "2024.08.30"]
[EventType "swiss"]
[EventCountry "USA"]
[SourceTitle "playchess.com"]
[Source "ChessBase"]
[SourceQuality "1"]
[TimeControl "5400+30"]

1. d4 Nf6 2. c4 e6 3. Nf3 Bb4+ 4. Bd2 a5 5. a3 Bxd2+ 6. Qxd2 d6 7. Nc3 Nbd7 8. g3 b6 9. Bg2 {[%emt 0:00:19][%cal Of3e5] White has an edge.} Bb7 10. O-O (10. Qc2 $14 {might be stronger.}) 10... Ne4 $11 11. Nxe4 Bxe4 12. b4 axb4 13. axb4 O-O 14. b5 Qc8 15. Ra2 Rxa2 {[%emt 0:01:25] The position is equal.} 16. Qxa2 Qb7 17. Ra1 Ra8 18. Qxa8+ Qxa8 19. Rxa8+ Bxa8 {[%emt 0:00:07] Weighted Error Value: White=0.10 (very precise) /Black=0.07 (flawless) .  Mistake:       	White=1     	---        Inaccurate:     	White=1     	---        OK:         	White=3     	Black=3} 1/2-1/2

[Event "1000 GM Labor Day Super Swiss 2024"]
[Site "San Jose"]
[Date "2024.09.04"]
[Round "9.7"]
[White "Koustav Chatterjee"]
[Black "Montes Orozco, Miguel Angel"]
[Result "1-0"]
[Annotator "TA"]
[ECO "A14"]
[WhiteElo "2524"]
[BlackElo "2155"]
[PlyCount "55"]
[EventDate "2024.08.30"]
[EventType "swiss"]
[EventCountry "USA"]
[SourceTitle "playchess.com"]
[Source "ChessBase"]
[SourceQuality "1"]
[TimeControl "5400+30"]

1. Nf3 d5 2. g3 Nf6 3. Bg2 e6 4. O-O Be7 5. c4 d4 6. e3 c5 7. exd4 cxd4 8. d3 {[%emt 0:00:03][%cal Ob2b4] White has an edge.} O-O 9. Re1 Nc6 10. Na3 Nd7 11. Nc2 e5 {[%emt 0:01:17] [#]} 12. b4 $1 f6 (12... Re8 13. a3) 13. Rb1 (13. b5 $16) 13... a5 14. a3 Re8 ({Black should try} 14... axb4 $14 15. axb4 Nb6) 15. Nh4 $16 Nf8 16. f4 {[%emt 0:01:37] Black must now prevent b5. White is more active.} g5 $2 {[%emt 0:06:50] This costs Black the game.} (16... axb4 $16 {keeps fighting.} 17. axb4 (17. Nxb4 Bd7 $16) 17... Bd6) 17. fxg5 $18 fxg5 18. b5 Nb8 {[%emt 0:01:47] [#]} (18... gxh4 $142 19. bxc6 bxc6 20. Bxc6 Be6 21. Bxe8 (21. Rxe5 Qd6 $18) 21... Qxe8 22. Rxe5 hxg3 23. hxg3 (23. Nxd4 gxh2+ 24. Kh1 Bf6 $18) 23... Qf7) 19. Rxe5 $1 Nbd7 {[%emt 0:02:32] [#]} (19... gxh4 20. Bd5+) 20. Rxe7 {[%emt 0:04:05][%mdl 512] White is clearly winning.} Qxe7 21. Nf5 Qf6 22. Qh5 (22. Nfxd4 Qg6 23. Bd5+ Kg7 $18) (22. Ncxd4 Nb6 $18) 22... Qg6 23. Bd5+ (23. Qxg5 Ne6 24. Ne7+ Kf7 $18) 23... Kh8 24. Qxg6 (24. Qxg5 Re5 25. Qxg6 (25. Ncxd4 Nf6 $18) 25... hxg6) 24... Nxg6 25. Bxg5 ({Much less strong is} 25. Ncxd4 h6 26. Nd6 (26. Nxh6 Nf6 $18) 26... Re7 27. Nxc8 (27. Nxb7 Nb6 $18) 27... Rxc8 28. Bxb7 Rf8) 25... Rf8 26. Ncxd4 ({Resist} 26. Nfxd4 Nc5 27. Bh6 Rf6 $18) 26... Nf6 27. Bg2 Ne5 28. Rf1 {[%emt 0:01:09] Weighted Error Value: White=0.13 (very precise) /Black=0.50.  Loses game:     	---       	Black=1      Mistake:       	White=1     	Black=2      Inaccurate:     	White=2     	Black=2      OK:         	White=10    	Black=4      Best:        	White=1     	Black=1} 1-0

[Event "1000 GM Labor Day Super Swiss 2024"]
[Site "San Jose"]
[Date "2024.09.04"]
[Round "9.8"]
[White "Schitco, Ivan"]
[Black "Gongora Montes, Benjamin"]
[Result "1-0"]
[Annotator "TA"]
[ECO "C85"]
[WhiteElo "2518"]
[BlackElo "2111"]
[PlyCount "117"]
[EventDate "2024.08.30"]
[EventType "swiss"]
[EventCountry "USA"]
[SourceTitle "playchess.com"]
[Source "ChessBase"]
[SourceQuality "1"]
[TimeControl "5400+30"]

1. e4 e5 2. Nf3 Nc6 3. Bb5 a6 4. Ba4 Nf6 5. O-O Be7 6. Bxc6 dxc6 7. d3 Nd7 8. Nbd2 f6 9. Nc4 Nc5 10. Ne3 Ne6 11. Nf5 Bf8 12. Be3 {[%emt 0:03:58] The position is equal.} g6 13. Ng3 c5 14. c3 Bd7 15. Qb3 Bd6 16. Rfd1 O-O 17. d4 cxd4 18. cxd4 Kh8 (18... Qe8 $11 {keeps the balance.}) 19. dxe5 fxe5 20. Qxb7 {[%emt 0:01:40] White is much more active.} Rb8 (20... Nf4 $142) 21. Qxa6 $16 Rxb2 22. Rxd6 (22. a4 $1 $18) 22... cxd6 23. Qxd6 Rb5 {[%emt 0:05:42] Black cannot hold the game after this.} (23... Kg8 $16 {might work better.} 24. Rc1 (24. Qxe5 Rb5 $16) (24. Nxe5 Bc8 $16) 24... Bc8 25. Qxe5 Rxa2) 24. a4 $18 (24. Nxe5 Bc8 25. Nc4 Qxd6 26. Nxd6 Rb2 $11) 24... Rb3 (24... Rb7 $142 25. Qxe5+ Kg8) 25. Qxe5+ (25. Nxe5 Qf6 26. h4 (26. Nxd7 $2 Qxa1+ 27. Nf1 Rxe3 $19) 26... Be8 $18) 25... Qf6 26. Qxf6+ Rxf6 27. a5 Rf8 28. Nd4 Nxd4 29. Bxd4+ Kg8 30. a6 Bc6 31. a7 Kf7 (31... Rd8 $16 {is a better defense.}) 32. Rc1 Ba8 33. Rc7+ Ke6 34. h4 {[%emt 0:03:03][%cal Od4c5] Threatens to win with Bc5!} ({Inferior is} 34. Rxh7 Rb1+ 35. Nf1 Bxe4 $11) 34... Rb1+ (34... Rb7 $142 35. Rc2 Rb1+ 36. Kh2 Kd7) 35. Kh2 Rb7 36. Rc3 Kd7 37. Rf3 Rxf3 38. gxf3 {[%emt 0:00:04][%mdl 4096] Endgame. KRB-KBN} Rb3 39. Be3 Ra3 40. Ne2 Ra1 41. Nf4 Ra3 (41... Bb7 $16 42. h5 Ra6) 42. Nh3 Ra1 43. Ng5 h5 44. Nf7 Ra5 {[%emt 0:01:34] Dodges Ne5+} 45. Kg3 Ke7 46. Nh8 Ra6 47. Bc5+ Ke8 48. Kf4 Rc6 $2 (48... Rf6+ {is tougher.} 49. Ke5 (49. Kg5 Rxf3 50. Nxg6 Bxe4 $14) 49... Ra6) 49. Bd4 Rd6 {[%emt 0:01:23] [#]} 50. Be3 {[%emt 0:01:10] aiming for Kg5.} Rf6+ 51. Kg5 Rxf3 52. Nxg6 (52. Kxg6 Rf8 53. Bd4 Bxe4+ 54. Kxh5 Kd7 $11) 52... Bxe4 {[%emt 0:00:31] [#]} 53. Nf4 $1 ({Not} 53. Kxh5 Rf6 $16) 53... Kf7 54. Kxh5 Kf6 55. Kg4 Bc6 56. h5 {[%emt 0:00:22][%cal Bh4h5,Bh5h6,Bh6h7][%mdl 32] White mates.} Bb7 57. h6 Kf7 58. h7 Kg7 59. Ne6+ {[%emt 0:00:07] Weighted Error Value: White=0.14 (very precise) /Black=0.41.  Mistake:       	White=1     	Black=8      Inaccurate:     	White=3     	Black=1      OK:         	White=16    	Black=12     Best:        	White=7     	Black=4} 1-0

[Event "1000 GM Labor Day Super Swiss 2024"]
[Site "San Jose"]
[Date "2024.09.04"]
[Round "9.9"]
[White "Piasetski, Leon"]
[Black "Zuluaga Mancilla, Cesar"]
[Result "1/2-1/2"]
[Annotator "TA"]
[ECO "D02"]
[WhiteElo "2167"]
[BlackElo "2166"]
[PlyCount "113"]
[EventDate "2024.08.30"]
[EventType "swiss"]
[EventCountry "USA"]
[SourceTitle "playchess.com"]
[Source "ChessBase"]
[SourceQuality "1"]
[TimeControl "5400+30"]

1. Nf3 d5 2. d4 c6 3. c3 Bf5 4. Bf4 e6 5. e3 Qb6 6. Qb3 Nf6 7. h3 Nbd7 8. Nbd2 Be7 9. Be2 O-O 10. O-O c5 11. c4 Rfc8 12. Rfc1 Bg6 13. dxc5 Bxc5 14. Qxb6 Bxb6 15. a3 dxc4 16. Bxc4 h6 17. b4 Bd8 18. Ne5 Nxe5 19. Bxe5 Nd7 20. Bd4 Be7 21. Bb5 Nb6 22. Nb3 Nd5 23. Na5 b6 24. Nc6 Bd6 25. Ne5 Bxe5 26. Bxe5 {[%emt 0:00:00] Black must now prevent Bc6.} Rxc1+ 27. Rxc1 f6 28. Bb2 Be8 29. Ba6 Rd8 30. Kf1 Kf8 31. Ke2 Bg6 32. f3 Ke7 {[%emt 0:00:00] [#]} (32... e5 $11) 33. g3 $1 $16 {[%emt 0:00:00] And now e4 would win.} Kd6 34. e4 Nc7 {[%emt 0:00:00] [#]} 35. e5+ $1 Kd7 (35... fxe5 $2 {too greedy.} 36. Bxe5+ Kxe5 37. Rxc7 $18) 36. Rd1+ Ke8 37. Rxd8+ Kxd8 $14 {[%emt 0:00:00][%mdl 4096] Endgame. KBB-KBN} 38. Bc4 f5 39. g4 fxg4 40. hxg4 Be8 41. Ke3 Bb5 42. Bb3 g5 43. f4 gxf4+ 44. Kxf4 Ke7 45. a4 Bc6 46. b5 Bd5 47. Bc2 Bc4 48. Ba3+ Kf7 49. Bd6 Nd5+ 50. Kg3 Ne3 {[%emt 0:02:07] The position is equal.} 51. Be4 Bb3 52. Bb8 {[%emt 0:00:28] Hoping for a5. This pair of bishops is nice.} Bxa4 53. Bxa7 Nc4 54. Kf4 Bxb5 55. Bd3 Na3 56. Be4 Nc4 57. Bd3 {[%emt 0:00:03] Weighted Error Value: White=0.10 (very precise) /Black=0.11 (very precise) .  Mistake:       	---       	Black=1      Inaccurate:     	White=6     	Black=6      OK:         	White=17    	Black=19     Best:        	---       	Black=2      Strong:       	White=1     	---} 1/2-1/2

[Event "1000 GM Labor Day Super Swiss 2024"]
[Site "San Jose"]
[Date "2024.09.04"]
[Round "9.10"]
[White "Atwell, Rose"]
[Black "Garcia Guerrero, Isaac Antonio"]
[Result "1/2-1/2"]
[Annotator "TA"]
[ECO "B40"]
[WhiteElo "2208"]
[BlackElo "2291"]
[PlyCount "102"]
[EventDate "2024.08.30"]
[EventType "swiss"]
[EventCountry "USA"]
[SourceTitle "playchess.com"]
[Source "ChessBase"]
[SourceQuality "1"]
[TimeControl "5400+30"]

1. e4 c5 2. Nf3 e6 3. b3 a6 4. Bb2 Nc6 5. c4 Nf6 6. e5 {[%emt 0:05:48] B40: Sicilian: 2...e6, Unusual lines.} Ng4 7. h3 Nh6 8. Nc3 Nf5 9. Ne4 b6 $146 ({Predecessor:} 9... Nfd4 10. Nxd4 Nxd4 11. Bxd4 cxd4 12. c5 b6 13. cxb6 Bb7 14. Bd3 Qxb6 15. O-O Be7 {1-0 Durarbayli,V (2615)-Kanarek,M (2484) Wch Blitz Warsaw 2021 (2)}) 10. g4 Nh4 11. Nxh4 Qxh4 12. Bg2 Bb7 13. Qf3 Rb8 14. O-O-O Be7 15. Qe3 O-O 16. f4 Nd4 17. Rdf1 b5 18. cxb5 Nxb5 19. f5 Bxe4 20. Bxe4 Bg5 21. Qf2 a5 22. Bd3 (22. Qxc5 $2 Rfc8 $19) 22... Nd4 23. Bxd4 (23. Qxh4 {simplifies} Bxh4 24. Bxd4 cxd4 25. Rf4) 23... cxd4 24. Qxd4 Rfc8+ 25. Bc4 a4 (25... Qg3 $5 26. Kd1 Qg2 $11) 26. Rf3 axb3 27. axb3 Ra8 (27... Kh8 {simplifies} 28. Rhf1 f6 29. exf6 gxf6 30. fxe6 dxe6 31. Qe4 Re8) 28. Kb2 d5 29. Bb5 $1 Qh6 30. Rd3 (30. Rd1 $11) 30... Rab8 $1 $17 31. Ba4 {[%emt 0:00:41] [#]} Rc4 (31... Bxd2 $1 $17 {White must now prevent ...Rb4.} 32. Rf1 (32. Rxd2 Rc4 $19) 32... Bg5) 32. Qa7 $11 Rcc8 33. Bd7 Rd8 (33... Ra8 34. Qb7 Rab8 35. Qa6 $16) 34. fxe6 fxe6 35. Qc7 Qg6 (35... Bxd2 36. Qc6 Kh8 37. Qxe6 $11) 36. Rf3 (36. Rd4 $142 Qf7 37. h4 Bxd2 (37... Rxd7 $2 38. Qxb8+ Bd8 39. Rc1 $18) 38. Rxd2) 36... Kh8 (36... Bxd2 $17 {And now ...Qe4 would win.} 37. Rhf1 Bb4) 37. Rhf1 (37. d3 $11) 37... h6 38. d3 {[%emt 0:00:23] [#]} Be7 $1 39. Ba4 ({Better is} 39. Kc2 $1 $15) 39... Qg5 $19 40. Rf7 (40. Kb1 $142) 40... Rdc8 $2 (40... Qd2+ $19 41. Kb1 Qxd3+ 42. Qc2 Qxh3) 41. Qxe7 $11 Qd2+ 42. Ka3 Rxb3+ (42... Rc2 $5 43. Ra1 $8 (43. Qxe6 $2 Qb4#) (43. Rf8+ $2 Kh7 $19) 43... Rxb3+ 44. Bxb3 Qa5+ 45. Ba4 Qc3+ 46. Bb3 Qxa1+ 47. Kb4 Qc3+ 48. Ka4 Qc6+ 49. Ka3 Qa6+ 50. Ba4 (50. Kb4 Qb6+ 51. Ka3 Qa5+ 52. Ba4 Qc3+ 53. Bb3 Qa1+ 54. Kb4 Qc3+ 55. Ka3 Qa1+ $11) 50... Qxd3+ 51. Bb3 Qa6+ 52. Ba4 (52. Kb4 Qb6+ 53. Ka4 Qc6+ 54. Ka3 Qa6+ 55. Kb4 Qb6+ 56. Ka4 Qc6+ 57. Kb4 Qb6+ $11) 52... Qd3+ 53. Bb3 Qa6+ 54. Kb4 Qb6+ 55. Ka4 Qa6+ 56. Kb4 Qb6+ 57. Ka3 (57. Ka4 Qa6+ 58. Kb4 $11) 57... Qa5+ 58. Ba4 Qc3+ 59. Bb3 Qa5+ (59... Qxh3 60. Qf8+ Kh7 61. Rxg7#) 60. Ba4 Qc3+ 61. Bb3 Qa5+ $11 (61... Qxh3 62. Qf8+ Kh7 63. Rxg7#)) 43. Bxb3 Qa5+ $1 44. Ba4 Qc3+ 45. Ka2 Qd2+ 46. Ka1 Qc3+ 47. Ka2 Qd2+ 48. Ka1 Qc3+ 49. Ka2 Qd2+ 50. Ka1 Qc3+ 51. Ka2 Qd2+ 1/2-1/2